 Dungeon Crawl Stone Soup version 0.26.1-11-gd32895ea62 (webtiles) character file.

Game seed: 571322471953571676

15701 Ijustatesigmund the Prestidigitator (level 12, -1/85 HPs)
             Began as an Octopode Fighter on July 1, 2021.
             Was a High Priest of Cheibriados.
             Engulfed by an ice statue's freezing vapour (43 damage)
             ... in an ice cave on July 2, 2021.
             The game lasted 00:31:38 (12014 turns).

Ijustatesigmund the Prestidigitator (OpFi)         Turns: 12014, Time: 00:31:38

Health: -1/85      AC:  5    Str: 30    XL:     12   Next: 29%
Magic:  26/26      EV: 18    Int: 23    God:    Cheibriados [*****.]
Gold:   532        SH: 17    Dex: 24    Spells: 11/11 levels left

rFire    . . .     SeeInvis +   h - +5 broad axe
rCold    . . .     Faith    .   b - +4 kite shield
rNeg     . . .     Spirit   .   m - +2 hat
rPois    .         Reflect  .   z - amulet of regeneration
rElec    .         Harm     .   p - ring of magical power
rCorr    .         Rampage  .   (no ring)
Will     .....                  (no ring)
Stlth    +++++.....             (no ring)
HPRegen  0.64/turn              (no ring)
MPRegen  0.20/turn              (no ring)
                                (no ring)
                                (no ring)

@: mighty, very slow
A: almost no armour, stealthy swim, amphibious, 8 rings, constrict 8, molten
scales 1, camouflage 1, see invisible, strong 1, gelatinous body 1
a: Renounce Religion, Bend Time, Temporal Distortion, Slouch, Step From Time


You were in an ice cave.
You worshipped Cheibriados.
Cheibriados was extremely pleased with you.
You visited 2 branches of the dungeon, and saw 13 of its levels.
You also visited: Ossuary and Ice Cave.

You collected 532 gold pieces.

Inventory:

Hand Weapons
 a - a +3 war axe
 h - a +5 broad axe (weapon)
Missiles
 A - 6 curare-tipped darts (quivered)
Armour
 b - a +4 kite shield (worn)
 m - a +2 hat (worn)
Jewellery
 f - an uncursed ring of fire
 p - a ring of magical power (left tentacle)
 z - an amulet of regeneration (around mantle)
Wands
 o - a wand of digging (4)
 q - a wand of flame (24)
 y - a wand of disintegration (14)
 D - a wand of iceblast (10)
Scrolls
 d - 4 scrolls of teleportation
 e - 5 scrolls of identify
 g - 3 scrolls of fear
 j - 8 scrolls of immolation
 k - 2 scrolls of magic mapping
 n - 4 scrolls of remove curse
 t - 3 scrolls of blinking
 x - a scroll of fog
 B - a scroll of amnesia
Potions
 c - 7 potions of might
 i - 6 potions of brilliance
 l - 5 potions of curing
 r - 4 potions of ambrosia
 u - a potion of resistance
 v - 3 potions of mutation
 w - 2 potions of cancellation
 C - a potion of flight


   Skills:
 - Level 9.1 Fighting
 - Level 9.3 Axes
 - Level 2.2 Throwing
 - Level 7.4 Dodging
 - Level 6.2 Stealth
 - Level 7.4 Shields
 - Level 7.0 Invocations
 + Level 9.6 Evocations


You had 11 spell levels left.
You didn't know any spells.
Your spell library contained the following spells:

 Spells                   Type           Power        Failure   Level
 Corona                   Hex            0%           38%         1
 Ensorcelled Hibernation  Hex/Ice        0%           52%         2
 Confusing Touch          Hex            0%           77%         3
 Dazzling Flash           Conj/Hex       0%           77%         3
 Tukima's Dance           Hex            0%           77%         3
 Irradiate                Conj/Tmut      0%           100%        5
 Hydra Form               Tmut           0%           100%        6
 Statue Form              Tmut/Erth      0%           100%        6
 Dragon Form              Tmut           0%           100%        7


Dungeon Overview and Level Annotations

Branches:
Dungeon (12/15)            Temple (1/1) D:7            Lair (0/6) D:9
Ossuary (visited)           IceCv (1/1)
    Orc: D:9-12

Altars:
Ashenzari
Cheibriados
Dithmenos
Elyvilon
Fedhas
Gozag
Hepliaklqana
Kikubaaqudgha
Makhleb
Nemelex Xobeh
Okawaru
Qazlal
Ru
Sif Muna
Trog
Uskayaw
Vehumet
Wu Jian
Xom
Yredelemnul
Zin
The Shining One

Shops:
D:9 (

Annotations:
IceCv exclusion: ice statue


Innate Abilities, Weirdness & Mutations

You cannot wear most types of armour.
You are very stealthy in the water. (Stealth+)
You are amphibious.
You can wear up to eight rings at the same time.
You can use your tentacles to constrict eight enemies at once.
Your skin changes colour to match your surroundings (Stealth+).
Your rubbery body absorbs attacks. (AC +1, EV +1)
You are partially covered in molten scales. (AC +2)
You have supernaturally acute eyesight. (SInv)
Your muscles are strong. (Str +2)


Message History

The wolf howls!
The ice statue glitters chillingly in the dim dungeon light.
The ice statue gestures.
The wolf bites you. The ice statue gestures at you.
The freezing blast engulfs you!!
You slash the ice statue!
The ice statue is lightly damaged.
You completely miss the wolf.
You are engulfed in freezing vapours.
The wolf is engulfed in freezing vapours.
You block the wolf's attack.
The wolf is engulfed in freezing vapours.
The wolf closely misses you.
The wolf is engulfed in freezing vapours.
The wolf dies!
You slash the ice statue! Your squeeze misses the ice statue.
The ice statue is moderately damaged.
You are engulfed in freezing vapours.
Ouch! That really hurt!
You die...

*** **≈≈* **,**,
**,** ***≈≈*****,,,*,
*,*,***≈*≈***,*,,,,*,
**,*,##≈≈≈***,*,,,,,,
**##.#≈≈***,*,,*,*,*
#..#*≈≈*,**,******
##°.##*≈**,***** **
#°8°○##≈***,*,,***,
##°@°Y.#*≈*,,*,,,*,∩
#.°°#..#*≈*,,,**,**,
##..##*..#≈*,⌠***,,**
#..## **.#***,,***,**
#.## *,.#≈*****,,**
#.## *,,#*≈≈**,,,**
##.#*****,,*≈≈*,,,*,,
##.#*≈≈***,*≈**,,,*,*
#..#*≈***,,*≈**,,****


You could see an ice statue and an ice beast (summoned).

Vanquished Creatures
  Harold (D:8)
  A boulder beetle (D:11)
  An unseen horror (D:6)
  A deep elf mage (D:8)
  3 rime drakes
  9 polar bears
  A troll (D:11)
  A wyvern (D:9)
  26 yaks
  A soldier ant (D:11)
  An eye of draining (D:6)
  3 black bears
  5 ice beasts
  3 sky beasts
  4 ogres
  A phantom (D:7)
  6 centaurs
  13 wolves
  A big kobold (D:7)
  A bullfrog (D:8)
  A water moccasin zombie (D:7)
  4 scorpions
  10 killer bees (D:12)
  10 wights
  A bullfrog zombie (D:10)
  3 centaur zombies
  3 hounds
  5 jellies
  2 quasits
  13 orc wizards
  5 orc priests
  A centaur skeleton (D:6)
  A bullfrog skeleton (D:9)
  2 human zombies (Ossuary)
  2 iguanas
  Natasha (thrice) (D:3)
  9 worker ants
  2 big kobold zombies (Ossuary)
  A hound skeleton (D:4)
  3 mummies
  A worker ant zombie (D:7)
  4 gnolls (D:5)
  A howler monkey skeleton (D:11)
  9 adders
  A shadow imp (D:7)
  A white imp (D:5)
  An ufetubus (D:7)
  An adder skeleton (D:5)
  3 worms
  A dart slug (D:2)
  4 leopard geckos
  40 orcs
  5 bats
  4 giant cockroaches
  6 goblins
  5 hobgoblins
  11 jackals
  12 kobolds
  5 quokkas
  A ball python (D:1)
  4 frilled lizards
  A hobgoblin zombie (Ossuary)
  A kobold zombie (Ossuary)
  An orc zombie (Ossuary)
  3 rats
290 creatures vanquished.

Vanquished Creatures (others)
  A wolf (IceCv)
  26 plants (D:9)
  4 withered plants (D:12)
31 creatures vanquished.

Grand Total: 321 creatures vanquished

Notes
Turn   | Place    | Note
-------+----------+-------------------------------------------
     0 | D:1      | Ijustatesigmund the Octopode Fighter began the quest for
                  | the Orb.
     0 | D:1      | Reached XP level 1. HP: 16/16 MP: 1/1
   463 | D:1      | Reached XP level 2. HP: 21/21 MP: 2/2
  1039 | D:1      | Reached XP level 3. HP: 25/26 MP: 3/3
  1223 | D:2      | Found a snail-covered altar of Cheibriados.
  1651 | D:2      | Reached XP level 4. HP: 29/31 MP: 4/4
  1876 | D:3      | Gained mutation: Scrolls take you a little longer to read.
                  | [potion of mutation]
  1876 | D:3      | Gained mutation: Your muscles are strong. (Str +2) [potion
                  | of mutation]
  1876 | D:3      | Gained mutation: You are partially covered in rugged brown
                  | scales. (AC +1, +3% HP) [potion of mutation]
  1877 | D:3      | Lost mutation: Scrolls take you a little longer to read.
                  | [potion of mutation]
  1877 | D:3      | Lost mutation: Your muscles are strong. (Str +2) [potion of
                  | mutation]
  1877 | D:3      | Gained mutation: You have supernaturally acute eyesight.
                  | (SInv) [potion of mutation]
  1877 | D:3      | Gained mutation: Your muscles are strong. (Str +2) [potion
                  | of mutation]
  1877 | D:3      | Lost mutation: You are partially covered in rugged brown
                  | scales. (AC +1, +3% HP) [potion of mutation]
  1877 | D:3      | Gained mutation: You are partially covered in molten
                  | scales. (AC +2) [potion of mutation]
  1980 | D:3      | Noticed Natasha
  1987 | D:3      | Killed Natasha
  2356 | D:3      | Noticed Natasha
  2362 | D:3      | Killed Natasha
  2363 | D:3      | Reached XP level 5. HP: 23/36 MP: 5/5
  2382 | D:3      | Noticed Natasha
  2389 | D:3      | Killed Natasha
  2774 | D:4      | Reached XP level 6. HP: 40/43 MP: 6/6
  3587 | D:4      | Reached XP level 7. HP: 42/48 MP: 7/7
  4027 | D:5      | Entered Level 5 of the Dungeon
  4060 | D:5      | Reached skill level 5 in Axes
  4060 | D:5      | Reached skill level 1 in Stealth
  4879 | D:6      | Noticed an unseen horror
  4892 | D:6      | Killed an unseen horror
  4893 | D:6      | Reached skill level 5 in Fighting
  4893 | D:6      | Reached skill level 5 in Dodging
  4893 | D:6      | Reached skill level 5 in Shields
  4893 | D:6      | Reached XP level 8. HP: 25/55 MP: 2/8
  5604 | D:6      | Reached skill level 5 in Stealth
  5848 | D:6      | Reached XP level 9. HP: 49/62 MP: 9/9
  6509 | D:7      | Found a staircase to the Ecumenical Temple.
  6528 | Temple   | Entered the Ecumenical Temple
  6849 | D:2      | Became a worshipper of Cheibriados the Contemplative
  7284 | D:7      | Reached skill level 1 in Invocations
  7284 | D:7      | Reached skill level 1 in Evocations
  7965 | D:8      | Found a sand-covered staircase.
  7969 | Ossuary  | Entered an ossuary
  7990 | Ossuary  | Reached * piety under Cheibriados
  8571 | D:8      | Noticed Harold
  8591 | D:8      | Killed Harold
  8592 | D:8      | Reached XP level 10. HP: 18/71 MP: 12/12
  8696 | D:8      | Noticed a deep elf mage
  8702 | D:8      | Killed a deep elf mage
  9297 | D:9      | Found Muane's Antique Weapon Shoppe.
  9403 | D:9      | Found a bloodstained altar of Trog.
  9787 | D:9      | Found a staircase to the Lair.
  9968 | D:10     | Entered Level 10 of the Dungeon
 10097 | D:10     | Reached ** piety under Cheibriados
 10472 | D:11     | Noticed a boulder beetle
 10481 | D:11     | Killed a boulder beetle
 10511 | D:11     | Reached XP level 11. HP: 62/77 MP: 14/14
 10624 | D:11     | Reached skill level 1 in Throwing
 10634 | D:11     | Reached skill level 5 in Evocations
 10695 | D:11     | Reached skill level 5 in Invocations
 10759 | D:11     | Noticed a death knight
 10932 | D:11     | Reached *** piety under Cheibriados
 11167 | D:12     | Noticed a four-headed hydra
 11263 | D:12     | Reached **** piety under Cheibriados
 11327 | D:12     | Found a frozen archway.
 11374 | IceCv    | Entered an ice cave
 11564 | IceCv    | Reached XP level 12. HP: 45/85 MP: 17/17
 11751 | IceCv    | Reached ***** piety under Cheibriados
 12014 | IceCv    | Engulfed by an ice statue's freezing vapour

Illustrated notes

Levels and vault maps discovered:
D:1:      mrwooster_arrival_arrow, layout_basic
D:2:      layout_rooms, cheibriados_altar_1, minmay_close_crescents
D:3:      layout_rooms, minmay_misc_feat_five, chequers_serial_rivers_small_3,
          chequers_serial_rivers_large_b, uniq_natasha
D:4:      minmay_door_path, layout_basic, grunt_ministairs_7
D:5:      layout_basic
D:6:      layout_cave_pods, hangedman_decor_clover_reticule
D:7:      layout_loops_ring, minmay_temple_entry_trees, serial_glass,
          glass_columns_b, glass_columns_b, glass_columns_a, glass_columns_a,
          glass_columns_a, glass_columns_b
D:8:      layout_basic, enter_ossuary_5, guppyfry_early_elven_hall, uniq_harold
D:9:      layout_irregular_city, david_lair_shrubbed, serial_shops,
          nicolae_shop_behind_doors, trog_ov_bears_minmay
D:10:     layout_rooms
D:11:     layout_basic, minmay_orc_entry_temple_small
D:12:     layout_basic, serial_undead, serial_undead_a, serial_undead_d,
          serial_undead_d, serial_undead_b, serial_undead_d, serial_undead_f,
          portal_ice_cave_entry_animals_and_master, hangedman_batty,
          uniq_maurice
Temple:   compressed_dpeg_circular_temple
IceCv:    ice_cave_caverns_01

Skill      XL: |  1  2  3  4  5  6  7  8  9 10 11 12 |
---------------+-------------------------------------+-----
Axes           | 3 4 5 6 7 8 9 |  9.3
Dodging        | 4 5 7 |  7.4
Fighting       | 4 5 7 9 |  9.1
Shields        | 4 5 7 |  7.4
Stealth        | 4 5 6 |  6.2
Invocations    | 3 4 7 |  7.0
Evocations     | 3 4 7 9 |  9.6
Throwing       | 2 |  2.2

Action                   |  1- 3 |  4- 6 |  7- 9 | 10-12 || total
-------------------------+-------+-------+-------+-------++-------
Melee: War axe           |    61 |    80 |   209 |   261 ||   611
       Constrict         |    16 |    22 |    43 |    40 ||   121
       Tentacles         |    10 |    15 |    56 |   127 ||   208
       Broad axe         |       |       |       |   106 ||   106
Throw: Dart              |       |       |       |    10 ||    10
Invok: Bend Time         |       |       |     2 |       ||     2
Evoke: Wand              |       |       |     6 |     5 ||    11
  Use: Scroll            |       |    14 |    16 |    13 ||    43
       Potion            |       |     2 |     3 |     2 ||     7
 Stab: Sleeping          |     4 |     2 |    11 |    21 ||    38
       Distracted        |       |       |     1 |     2 ||     3
Armor: Skin              |     9 |    14 |    27 |    33 ||    83
Dodge: Dodged            |    29 |    30 |    76 |   183 ||   318
Block: Kite shield       |    26 |    37 |   117 |   334 ||   514
